 Dungeon Crawl Stone Soup version 0.25-a0-251-g572059c536 (webtiles) character file.

Game seed: 2489050360151587471, levelgen mode: classic

11779 Borgoz the Cleaver (level 11, -13/104 HPs)
             Began as a Hill Orc Fighter on Dec 5, 2019.
             Was a Priest of Ashenzari.
             Killed from afar by a vampire mage (43 damage)
             ... with a bolt of negative energy
             ... on level 11 of the Dungeon.
             The game lasted 00:20:35 (10472 turns).

Borgoz the Cleaver (Hill Orc Fighter)              Turns: 10472, Time: 00:20:36

Health: -13/104    AC: 16    Str: 22    XL:     11   Next: 83%
Magic:  12/12      EV: 10    Int:  8    God:    Ashenzari [***...]
Gold:   563        SH:  0    Dex: 20    Spells: 10/10 levels left

rFire    . . .     SeeInvis +   a - +3 battleaxe (vamp) (curse)
rCold    + . .     Gourm    .   (shield currently unavailable)
rNeg     . . .     Faith    .   B - +1 chain mail {rC+}
rPois    .         Spirit   .   (no helmet)
rElec    .         Reflect  .   k - +1 cloak
rCorr    .         Harm     .   j - +0 pair of gloves
MR       .....                  (no boots)
Stlth    ..........             E - amulet of rage
HPRegen  0.27/turn              g - +3 ring of dexterity
MPRegen  0.13/turn              C - +6 ring of dexterity

@: heavily drained
A: no striking features
a: Curse Item, Scrying, Renounce Religion, Evoke Berserk Rage


You were on level 11 of the Dungeon.
You worshipped Ashenzari.
Ashenzari was most pleased with you.
You were not hungry.

You visited 2 branches of the dungeon, and saw 13 of its levels.
You also visited: Sewer.

You collected 563 gold pieces.

Inventory:

Hand Weapons
 a - a cursed +3 vampiric battleaxe (weapon)
 t - a +0 war axe
Armour
 c - a +0 shield
 j - a +0 pair of gloves (worn)
 k - a +1 cloak (worn)
 B - a +1 chain mail of cold resistance (worn)
Jewellery
 b - an uncursed ring of ice
 g - a +3 ring of dexterity (left hand)
 C - a +6 ring of dexterity (right hand)
 E - an amulet of rage (around neck)
Wands
 m - a wand of flame (31)
 v - a wand of polymorph (6)
 w - a wand of random effects (33)
Scrolls
 d - 2 scrolls of teleportation
 o - 2 scrolls of magic mapping
 p - a scroll of identify
 x - a scroll of blinking
 y - a scroll of silence
 A - a scroll of fog
 D - 2 scrolls of summoning {unknown}
Potions
 e - 2 potions of heal wounds
 h - a potion of brilliance
 i - 10 potions of curing
 l - 2 potions of cancellation
 n - 2 potions of magic
 q - 3 potions of invisibility
 r - 4 potions of flight
 s - 3 potions of haste
 u - 4 potions of mutation
 z - a potion of ambrosia
Comestibles
 f - 19 rations
 F - 3 chunks of flesh


   Skills:
 * Level 12.1(9.8) Fighting
 * Level 12.7(13.6) Axes
 * Level 11.1(8.9) Armour
 + Level 5.6(3.7) Dodging
 - Level 3.4(1.6) Shields
 + Level 1.3(0.0) Evocations


You had 10 spell levels left.
You didn't know any spells.
Your spell library contained the following spells:

 Spells                   Type           Power        Failure   Level  Hunger
 Magic Dart               Conj           #...         95%         1    ##.....
 Searing Ray              Conj           #.....       99%         2    ###....
 Dazzling Flash           Conj/Hex       #.....       100%        3    ####...
 Fulminant Prism          Conj/Hex       #.........   100%        4    #####..
 Iskenderun's Mystic Bla  Conj/Tloc      #.......     100%        4    #####..


Dungeon Overview and Level Annotations

Branches:
Dungeon (12/15)            Temple (1/1) D:5            Lair (0/6) D:10
    Orc (0/2) D:10          Sewer (visited)

Altars:
Ashenzari
Cheibriados
Dithmenos
Elyvilon
Fedhas
Gozag
Hepliaklqana
Kikubaaqudgha
Makhleb
Nemelex Xobeh
Okawaru
Qazlal
Ru
Sif Muna
Trog
Uskayaw
Vehumet
Wu Jian
Xom
Yredelemnul
Zin
The Shining One

Shops:
D:5 }

Portals:
Trove: D:10 (show slimy rune of Zot)

Annotations:
D:8 4 runed translucent doors
D:11 2 runed translucent doors, bmj180's ghost, novice DrCj


Message History

The bolt of negative energy hits you!
You feel drained.
You closely miss the vampire mage.
The vampire mage is severely damaged.
You hit the vampire mage but do no damage.
The vampire mage is severely damaged.
The orc wizard points at you and mumbles some strange words.
The puff of flame hits the vampire mage.
The vampire mage hits you but does no damage.
The vampire mage bites you.
The vampire mage draws strength from your injuries!
You slash the vampire mage!
The vampire mage is almost destroyed.
The vampire mage casts a spell at you. The bolt of negative energy hits you!!
You feel drained.
* * * LOW HITPOINT WARNING * * *
You hit the vampire mage but do no damage.
The vampire mage is almost destroyed.
The vampire mage points at you and mumbles some strange words.
The bolt of negative energy hits you!!!
You feel drained.
You die...

+, ,
######'#+####
, #.))..# , *
#.....#
####'#### *
#.......#
*#.......# *
#.#.#.#.#, *
#.#.#.#.# , ,
,# #.#@#,# **
,, ,#.#V# +
** ..oo. ,
..... ,
#!#.#.+ ,,* *
#.#.#.# + * *
#.#.#.#, , ,
,# #.# #, , ,


You could see a vampire mage (invisible) and 2 orc wizards.

Vanquished Creatures
  Fannar (D:10)
  A two-headed ogre (D:10)
  Pikel (D:5)
  2 deep elf magi (D:11)
  2 ugly things
  2 trolls (D:10)
  3 hippogriffs
  Sigmund (D:4)
  A vampire (D:10)
  9 yaks (D:11)
  A wyvern (D:10)
  Eustachio (D:6)
  Menkaure (D:5)
  2 ice beasts
  2 orc warriors (D:10)
  4 slaves (D:5)
  10 ogres
  A phantom (D:10)
  3 big kobolds
  5 centaurs
  7 bullfrogs
  Blork the orc (D:5)
  A gnoll sergeant (D:5)
  2 wyvern skeletons
  A wyvern zombie (D:9)
  2 scorpions
  9 killer bees
  3 howler monkeys (D:9)
  11 wights
  8 crimson imps
  A quasit (D:7)
  6 hounds
  2 orc priests
  Crazy Yiuf (D:2)
  2 jellies
  12 orc wizards
  A centaur skeleton (D:7)
  5 iguanas
  9 worker ants
  3 hound skeletons
  5 gnolls (D:5)
  A river rat (Sewer)
  11 adders
  A shadow imp (D:7)
  An ooze (D:6)
  3 adder skeletons
  3 adder zombies
  6 worms
  8 leopard geckos
  31 orcs
  4 giant cockroaches
  14 goblins
  10 hobgoblins
  13 jackals
  9 quokkas
  3 ball pythons
  3 bats
  10 frilled lizards
  20 kobolds
  A leopard gecko zombie (D:7)
  18 rats
315 creatures vanquished.

Vanquished Creatures (others)
  4 toadstools (D:5)
4 creatures vanquished.

Grand Total: 319 creatures vanquished

Notes
Turn   | Place    | Note
-------+----------+-------------------------------------------
     0 | D:1      | Borgoz the Hill Orc Fighter began the quest for the Orb.
     0 | D:1      | Reached XP level 1. HP: 19/19 MP: 1/1
    33 | D:1      | Reached XP level 2. HP: 22/27 MP: 2/2
   841 | D:2      | Reached XP level 3. HP: 33/33 MP: 3/3
  1048 | D:2      | Reached XP level 4. HP: 20/41 MP: 4/4
  1346 | D:2      | Found a shattered altar of Ashenzari.
  1565 | D:2      | Became a worshipper of Ashenzari the Shackled
  1653 | D:2      | Found a runed translucent door.
  1654 | D:2      | Noticed Crazy Yiuf
  1901 | D:2      | Killed Crazy Yiuf
  1901 | D:2      | Reached skill level 1 in Dodging
  2045 | D:3      | Reached XP level 5. HP: 47/47 MP: 5/5
  2184 | D:3      | Reached skill level 5 in Fighting
  2687 | D:3      | Reached XP level 6. HP: 52/56 MP: 6/6
  3121 | D:4      | Reached skill level 5 in Axes
  3221 | D:4      | Reached * piety under Ashenzari
  3224 | D:4      | Noticed Sigmund
  3227 | D:4      | Found a shadowy altar of Dithmenos.
  3241 | D:4      | Killed Sigmund
  3241 | D:4      | Reached skill level 5 in Armour
  3241 | D:4      | Reached XP level 7. HP: 30/62 MP: 7/7
  3438 | D:4      | Got the uncursed chain mail of Uzaroh {+Fly}
  3449 | D:4      | Identified the +2 chain mail of Uzaroh {+Fly} (You found it
                  | on level 4 of the Dungeon)
  3726 | D:5      | Entered Level 5 of the Dungeon
  3793 | D:5      | Found a glowing drain.
  3807 | Sewer    | Entered a sewer
  3900 | Sewer    | Found a white marble altar of Elyvilon.
  4001 | D:5      | Reached XP level 8. HP: 55/71 MP: 8/8
  4035 | D:5      | Found Dapaw's Gadget Boutique.
  4114 | D:5      | Noticed Pikel
  4282 | D:5      | Killed Pikel
  4574 | D:5      | Found a staircase to the Ecumenical Temple.
  4605 | Temple   | Entered the Ecumenical Temple
  4843 | D:5      | Noticed Menkaure
  4851 | D:5      | Reached XP level 9. HP: 80/81 MP: 9/9
  4856 | D:5      | Killed Menkaure
  5073 | D:5      | Noticed Blork the orc
  5082 | D:5      | Killed Blork the orc
  5261 | D:6      | Found a basalt altar of Yredelemnul.
  5381 | D:6      | Found a white marble altar of Elyvilon.
  5424 | D:6      | Found a sacrificial altar of Ru.
  5425 | D:6      | Noticed Eustachio
  5452 | D:6      | Killed Eustachio
  5767 | D:6      | Reached ** piety under Ashenzari
  5907 | D:6      | Found a sacrificial altar of Ru.
  5974 | D:7      | Found a sacrificial altar of Ru.
  6015 | D:7      | Found a hazy altar of Hepliaklqana.
  6457 | D:7      | Found a blossoming altar of Fedhas.
  6618 | D:8      | Reached XP level 10. HP: 79/91 MP: 10/10
  6641 | D:8      | Reached skill level 10 in Axes
  6723 | D:8      | Reached skill level 10 in Fighting
  6781 | D:8      | Found a radiant altar of Vehumet.
  7209 | D:8      | Found a huge runed translucent gate.
  7210 | D:8      | Found a huge runed translucent gate.
  7211 | D:8      | Found a huge runed translucent gate.
  7212 | D:8      | Found a huge runed translucent gate.
  7212 | D:8      | Noticed a death yak
  7227 | D:8      | Noticed a white ugly thing
  7237 | D:8      | Killed a white ugly thing
  7543 | D:9      | Reached *** piety under Ashenzari
  8545 | D:10     | Entered Level 10 of the Dungeon
  8563 | D:10     | Noticed Fannar
  8581 | D:10     | Reached skill level 10 in Armour
  8598 | D:10     | Killed Fannar
  8598 | D:10     | Reached skill level 5 in Dodging
  8598 | D:10     | Reached XP level 11. HP: 40/102 MP: 11/11
  8784 | D:10     | Noticed a two-headed ogre
  8799 | D:10     | Killed a two-headed ogre
  8846 | D:10     | HP: 1/102 [vampire/vampiric draining (12)]
  8850 | D:10     | Found a portal to a secret trove of treasure.
  8923 | D:10     | Noticed a green ugly thing
  9238 | D:10     | Killed a green ugly thing
  9257 | D:10     | HP: 5/103 [poisoned by a green ugly thing]
  9262 | D:10     | HP: 4/103 [poisoned by a green ugly thing]
  9268 | D:10     | HP: 4/103 [poisoned by a green ugly thing]
  9275 | D:10     | HP: 4/103 [poisoned by a green ugly thing]
  9562 | D:10     | Found a staircase to the Lair.
  9709 | D:10     | Found a staircase to the Orcish Mines.
 10056 | D:11     | Identified a scroll of acquirement
 10105 | D:11     | Found a runed translucent door.
 10107 | D:11     | Noticed an ettin
 10107 | D:11     | Noticed a lich
 10107 | D:11     | Noticed a flayed ghost
 10109 | D:11     | Noticed a necromancer
 10110 | D:11     | Noticed a skeletal warrior
 10110 | D:11     | Noticed bmj180's ghost (novice DrCj)
 10115 | D:11     | Found a runed translucent door.
 10434 | D:11     | Noticed a deep elf mage
 10438 | D:11     | Reached skill level 1 in Evocations
 10442 | D:11     | Killed a deep elf mage
 10451 | D:11     | Noticed a deep elf mage
 10454 | D:11     | Noticed a vampire mage
 10459 | D:11     | Killed a deep elf mage
 10472 | D:11     | Killed from afar by a vampire mage

Levels and vault maps discovered:
D:1:      minmay_arrival_four_circles, layout_loops_corners, serial_bayou_lake_a
D:2:      layout_loops_ring, ashenzari_conservatory_becter,
          uniq_crazy_yiuf_cottage
D:3:      layout_basic, grunt_ministairs_6, corexii_corridor_pit, minivault_19,
          uniq_robin
D:4:      layout_rooms, old_standard_altar, first_ration, uniq_sigmund
D:5:      layout_basic, minmay_temple_entry_nine_rooms, serial_shops, shop,
          portal_sewer_entry_b, minmay_gold_behind_fungi, uniq_blork_the_orc,
          uniq_menkaure, uniq_pikel
D:6:      layout_rooms, yredelemnul_altar_generic, kennysheep_mini,
          nicolae_overflow_crystal_walls, nicolae_ru_path_of_blood,
          uniq_eustachio
D:7:      minmay_angry_zag, layout_cave_pools, lemuel_doored_altar, basic_altar,
          grunt_ogre_cave, kennysheep_path_1, fedhas_altar_fruit_tree
D:8:      lemuel_bear_cage, layout_loops_ring, basic_altar
D:9:      layout_layer_cave
D:10:     kennysheep_blocky_hall, layout_cave_pools, lair_entry_dummy,
          nicolae_trove_entry_free_sample, kennysheep_generic_room_10,
          uniq_fannar
D:11:     evilmike_library_of_no_secrets, layout_stronghold,
          muffindrake_ghost_dual_entry, uniq_maurice
D:12:     layout_long_grid
Temple:   eino_temple_rhombus

Skill      XL: |  1  2  3  4  5  6  7  8  9 10 11 |
---------------+----------------------------------+-----
Axes           | 3 4 5 6 8 9 11 12 | 12.7
Fighting       | 4 5 6 8 9 11 12 | 12.1
Armour         | 4 5 6 7 8 10 11 | 11.1
Dodging        | 1 2 3 4 5 |  5.6
Evocations     | 1 |  1.3
Shields        | |  3.4

Action                   |  1- 3 |  4- 6 |  7- 9 | 10-12 || total
-------------------------+-------+-------+-------+-------++-------
Melee: War axe           |   123 |   189 |   398 |   394 ||  1104
       Battleaxe         |       |       |       |    47 ||    47
Invok: Curse Item        |       |     1 |       |       ||     1
  Use: Scroll            |     5 |     3 |     8 |    10 ||    26
       Potion            |       |     1 |     2 |     6 ||     9
  Eat: Chunk             |     1 |     7 |    11 |    14 ||    33
Armor: Scale mail        |    45 |    90 |       |       ||   135
       Chain mail        |       |       |   226 |   231 ||   457
Dodge: Dodged            |    32 |    58 |   120 |   235 ||   445
Block: Shield            |    76 |   102 |   207 |   228 ||   613

Table legend:
 A = Non-vault XP
 B = Vault XP
 C = Vault XP percentage of total XP
 D = Non-vault monster count
 E = Vault monster count
 F = Vault count percentage of total count
                 A         B        C        D         E       F
            +---------+---------+-------+---------+---------+-------
      Total |   11187 |    5641 |  33.5 |     264 |      47 |  15.1
            +---------+---------+-------+---------+---------+-------
        D:1 |      33 |       0 |   0.0 |      23 |       0 |   0.0
        D:2 |      91 |      40 |  30.5 |      31 |       1 |   3.1
        D:3 |     165 |      29 |  14.9 |      23 |      13 |  36.1
        D:4 |     255 |     227 |  47.1 |      10 |       1 |   9.1
        D:5 |     764 |     919 |  54.6 |      33 |       6 |  15.4
        D:6 |     733 |     196 |  21.1 |      23 |       1 |   4.2
        D:7 |     700 |     284 |  28.9 |      13 |       4 |  23.5
        D:8 |    2401 |       0 |   0.0 |      38 |       0 |   0.0
        D:9 |    1079 |       0 |   0.0 |      23 |       0 |   0.0
       D:10 |    2627 |    2576 |  49.5 |      32 |       5 |  13.5
       D:11 |    2305 |    1237 |  34.9 |      14 |       3 |  17.6
       D:12 |      34 |       0 |   0.0 |       1 |       0 |   0.0
      Sewer |       0 |     133 | 100.0 |       0 |      13 | 100.0
            +---------+---------+-------+---------+---------+-------
